 Dungeon Crawl Stone Soup version 0.20.1-1-g8b1a95d (webtiles) character file.

93 Monsterracer the Conjurer (level 4, -4/27 HPs)
             Began as an Octopode Wizard on Aug 18, 2017.
             Slain by an orc
             ... wielding a +0 flail
              (10 damage)
             ... on level 2 of the Dungeon.
             The game lasted 00:06:31 (2459 turns).

Monsterracer the Conjurer (Octopode Wizard)         Turns: 2459, Time: 00:06:32

Health: -4/27      AC:  1    Str:  9    XL:     4   Next: 62%
Magic:  2/8        EV: 13    Int: 21    God:
Gold:   124        SH:  0    Dex: 10    Spells: 1/9 levels left

rFire    . . .     SeeInvis .   g - +0 dagger
rCold    . . .     Gourm    .   (no shield)
rNeg     . . .     Faith    .   a - +0 hat
rPois    .         Spirit   .   (no amulet)
rElec    .         Reflect  .   h - +3 ring of strength
rCorr    .         Harm     .   (no ring)
MR       .....                  (no ring)
Stlth    +++.......             (no ring)
Regen    0.1/turn               (no ring)
MPRegen  0.2/turn               (no ring)
                                (no ring)
                                (no ring)

@: very slightly contaminated
A: almost no armour, stealthy swim, amphibious, 8 rings, constrict 8, camouflage
1, gelatinous body 1
a: no special abilities


You were on level 2 of the Dungeon.
You were hungry.

You visited 1 branch of the dungeon, and saw 3 of its levels.

You collected 124 gold pieces.

Inventory:

Hand Weapons
 g - a +0 dagger (weapon)
Armour
 a - a +0 hat (worn)
Jewellery
 h - a +3 ring of strength (left tentacle)
Scrolls
 e - 2 scrolls of enchant weapon {unknown}
 f - 2 scrolls of remove curse {unknown}
 i - a scroll of random uselessness {unknown}
 k - 2 scrolls of identify {unknown}
 l - a scroll of enchant armour {unknown}
 m - a scroll of teleportation {unknown}
 n - a scroll of fog {unknown}
 o - a scroll of blinking {unknown}
Potions
 d - a potion of heal wounds {unknown}
 j - 2 potions of flight {unknown}
Books
 b - a book of Minor Magic

   Spells                             Type                      Level
   a - Magic Dart                     Conjuration                  1
   b - Blink                          Translocation                2
   c - Call Imp                       Summoning                    2
   d - Slow                           Hexes                        2
   e - Conjure Flame                  Conjuration/Fire             3
   f - Mephitic Cloud                 Conjuration/Poison/Air       3
Comestibles
 c - 3 bread rations


   Skills:
 - Level 2.0 Dodging
 - Level 2.6 Stealth
 + Level 3.0 Spellcasting
 * Level 4.2 Conjurations
 - Level 1.0 Summonings
 - Level 1.0 Translocations


You had one spell level left.
You knew the following spells:

 Your Spells              Type           Power        Failure   Level  Hunger
a - Magic Dart            Conj           ###.         2%          1    None
c - Mephitic Cloud        Conj/Pois/Air  #.......     22%         3    ###....
e - Blink                 Tloc           N/A          13%         2    ##.....
f - Call Imp              Summ           #.......     13%         2    ##.....


Dungeon Overview and Level Annotations

Branches:
Dungeon (3/15)

Altars:
Nemelex Xobeh

Annotations:
D:3 Monsterracer's ghost, amateur HaAM


Innate Abilities, Weirdness & Mutations

You cannot wear most types of armour.
You are very stealthy in the water. (Stealth+)
You are amphibious.
You can wear up to eight rings at the same time.
You can use your tentacles to constrict eight enemies at once.
Your skin changes colour to match your surroundings (Stealth+).
Your rubbery body absorbs attacks. (AC +1, EV +1)


Message History

Aim: an orc, wielding a flail and wearing a ring mail (lightly wounded)
The magic dart hits the orc.
The orc is heavily wounded.
The orc hits you with a flail!
* * * LOW HITPOINT WARNING * * *
Huge Dmg: -30%(-8hp) hp: 19%(5hp)
Casting: Magic Dart
Confirm with . or Enter, or press ? or * to list all spells.
Aiming: Mephitic Cloud
Press: ? - help, Shift-Dir - straight line, f/p - orc
Aim: an orc, wielding a flail and wearing a ring mail (heavily wounded)
You miscast Mephitic Cloud.
You are very lightly contaminated with residual magic.
You hear a crackling sound.
Casting: Mephitic Cloud
Confirm with . or Enter, or press ? or * to list all spells.
You don't have enough magic to cast that spell.
Unknown command.
The orc hits you with a flail!
You die...

..<.##.######.##.#
.##.##.#.........# #
.......#......######### #
###.......######......# #
######.## #>####.# # #...#
#.####.### # #...#
#.#......######### #...#
#o#.##............ #
#...######@.....#.######### #
#........#..).......######
#######...####.#.###.####......#
#.......(....<...# #.####......#
†[.............†.###...........#
#..................).##.#......#
######....#.##..........>......#
# #.........#.#.#.####.###### #
#....#.####.#.#.####.#


You could see an orc.

Vanquished Creatures
  An orc wizard (D:3)
  An ooze (D:1)
  2 worms (D:2)
  3 dart slugs
  A leopard gecko (D:2)
  4 bats
  A giant cockroach (D:2)
  8 goblins
  4 hobgoblins
  4 jackals (D:2)
  2 quokkas (D:2)
  3 frilled lizards (D:2)
  8 kobolds
  2 rats (D:1)
44 creatures vanquished.

Notes
Turn   | Place    | Note
-------+----------+-------------------------------------------
     0 | D:1      | Monsterracer the Octopode Wizard began the quest for the Orb.
     0 | D:1      | Reached XP level 1. HP: 11/11 MP: 4/4
   322 | D:1      | HP: 5/11 [kobold/dagger (2)]
   404 | D:1      | Reached skill level 2 in Conjurations
   404 | D:1      | Reached XP level 2. HP: 10/17 MP: 0/6
   438 | D:1      | Learned a level 2 spell: Call Imp
   441 | D:1      | Learned a level 2 spell: Blink
  1004 | D:1      | Reached XP level 3. HP: 18/21 MP: 0/7
  1009 | D:1      | Learned a level 3 spell: Mephitic Cloud
  1233 | D:2      | Reached skill level 3 in Conjurations
  1937 | D:2      | Reached XP level 4. HP: 27/27 MP: 3/8
  2061 | D:2      | Found a sparkling altar of Nemelex Xobeh.
  2361 | D:3      | Noticed Monsterracer's ghost (amateur HaAM)
  2362 | D:3      | Reached skill level 4 in Conjurations
  2452 | D:2      | HP: 13/27 [orc/flail (7)]
  2454 | D:2      | HP: 5/27 [orc/flail (8)]
  2459 | D:2      | Slain by an orc

Skill      XL: |  1  2  3  4 |
---------------+-------------+-----
Conjurations   | 2 3 4 |  4.2
Dodging        | |  2.0
Stealth        | |  2.6
Spellcasting   | |  3.0
Summonings     | |  1.0
Translocations | |  1.0

Action                   |  1- 3 |  4- 6 || total
-------------------------+-------+-------++-------
Melee: Unarmed           |     4 |       ||     4
       Dagger            |    41 |       ||    41
       Constrict         |     8 |       ||     8
       Tentacles         |     4 |       ||     4
 Cast: Magic Dart        |    67 |    24 ||    91
 Stab: Sleeping          |     8 |       ||     8
  Eat: Chunk             |     3 |     1 ||     4
Armor: Skin              |     5 |     1 ||     6
Dodge: Dodged            |    29 |     5 ||    34
